Map: Old Sun Temple LE

Players

GuGus

  • Race: Zerg Zerg
  • League: Grandmaster

Dephy - Winner!

  • Race: Terran Terran
  • League: Grandmaster

VOD

Have the link to the VOD?

Description

Time

  • Played on: June 23, 2026, 11:22 a.m.
  • Length: 12:46
Show
View Real Time Build Order
Export as new Build Order

GuGus Zerg 

Build Orders: 3 Hatch before Pool 

Get SALT Encoding   

  8  0:00  Drone  
  9  0:11  Drone  
  10  0:17  Drone  
  11  0:22  Drone  
  12  0:31  Extractor  
  12  0:32  Drone  
  13  0:42  Overlord  
  13  1:00  Drone x2  
  13  1:01  Drone  
  16  1:11  Drone  
  17  1:20  Drone  
  18  1:41  Hatchery  
  18  1:45  Hatchery  
  16  1:50  Drone  
  17  2:02  Spawning Pool  
  17  2:05  Drone  
  17  2:09  Drone  
  17  2:10  Extractor  
  17  2:15  Drone  
  18  2:18  Drone  
  19  2:29  Drone  
  20  2:36  Overlord  
  20  2:53  Queen  
  20  2:55  Drone x2  
  26  2:59  Drone  
  26  3:03  Zergling x2  
  26  3:05  Zergling x2  
  29  3:09  Drone  
  30  3:14  Drone x2  
  30  3:17  Zergling x2  
  32  3:28  Metabolic Boost  
  32  3:29  Drone  
  31  3:37  Overlord  
  31  3:47  Queen, Overlord  
  31  3:51  Overlord  
  31  3:52  Drone  
  32  3:56  Drone x3, Evolution Chamber  
  32  3:58  Drone  
  32  4:01  Drone  
  37  4:02  Drone  
  37  4:03  Drone  
  37  4:08  Queen  
  40  4:10  Drone  
  40  4:12  Drone  
  40  4:16  Drone  
  43  4:25  Zerg Ground Armor Level 1  
  43  4:34  Hatchery  
  43  4:36  Zergling x8  
  46  4:41  Overlord  
  46  4:43  Zergling x4  
  46  4:44  Zergling x2  
  49  4:46  Zergling x2  
  49  4:51  Overlord  
  50  4:55  Zergling x2  
  50  4:57  Zergling x6  
  54  5:03  Lair, Zergling x2  
  55  5:07  Extractor  
  55  5:12  Zergling x4  
  55  5:13  Zergling x4  
  58  5:18  Overlord  
  58  5:20  Zergling x2  
  59  5:25  Extractor  
  59  5:27  Overlord  
  58  5:33  Drone  
  58  5:34  Drone x2  
  58  5:35  Drone  
  62  5:37  Drone  
  62  5:41  Drone  
  64  5:47  Drone  
  65  5:50  Overlord  
  65  5:55  Extractor  
  65  5:57  Drone  
  65  6:03  Drone x3  
  68  6:05  Drone  
  68  6:09  Overlord  
  68  6:10  Drone x3  
  68  6:11  Drone x3  
  75  6:13  Overlord  
  75  6:19  Zerg Missile Weapons Level 1  
  75  6:23  Hydralisk Den  
  74  6:48  Zergling x6  
  74  6:49  Zergling x4  
  74  6:53  Muscular Augments  
  79  6:54  Hydralisk x2  
  79  6:55  Hydralisk x6  
  79  6:56  Overlord  
  79  6:58  Zergling x6  
  97  7:11  Hydralisk x2  
  97  7:12  Hydralisk  
  97  7:14  Zergling x4  
  105  7:19  Hydralisk x2  
  105  7:22  Zergling x2  
  110  7:28  Hydralisk x2  
  110  7:30  Zergling x8  
  110  7:33  Zergling x2  
  110  7:34  Zergling x2  
  110  7:36  Zergling x4  
  105  7:41  Zergling x2  
  105  7:42  Zergling x4  
  105  7:43  Hydralisk x2  
  112  7:50  Hydralisk  
  114  7:52  Hydralisk  
  114  7:53  Zergling x2  
  114  7:57  Grooved Spines, Hydralisk x2  
  121  8:03  Zergling x4  
  121  8:05  Overlord x2  
  123  8:09  Overlord x2  
  123  8:15  Overlord  
  123  8:19  Overlord  
  123  8:22  Overlord  
  123  8:25  Hydralisk  
  123  8:26  Hydralisk x2  
  129  8:32  Hydralisk x2  
  129  8:33  Hydralisk  
  135  8:41  Hydralisk  
  126  8:50  Hydralisk x4  
  126  8:51  Hydralisk  
  126  8:53  Zergling x2  
  126  8:55  Zergling x2  
  110  8:56  Queen  
  110  9:01  Zergling x6  
  95  9:06  Zergling x4  
  95  9:08  Hydralisk  
  99  9:12  Hydralisk  
  101  9:17  Zerg Ground Armor Level 2  
  101  9:19  Zergling x2  
  101  9:20  Zergling x4  
  104  9:25  Hydralisk x2  
  104  9:30  Zergling x2  
  104  9:31  Queen  
  109  9:33  Hydralisk  
  109  9:36  Hydralisk  
  109  9:38  Zergling x2  
  109  9:41  Queen  
  109  9:44  Zergling x2  
  90  9:46  Hydralisk  
  86  9:58  Infestation Pit, Drone x2  
  86  9:59  Drone x6  
  93  10:02  Drone, Extractor  
  93  10:07  Drone  
  93  10:11  Drone x4  
  93  10:13  Drone x3  
  101  10:18  Drone x3  
  101  10:20  Extractor  
  103  10:21  Hydralisk  
  105  10:35  Infestor x2  
  107  10:37  Infestor  
  107  10:42  Hydralisk x2  
  113  10:46  Hatchery  
  113  10:47  Hydralisk x2  
  118  10:55  Hydralisk x3  
  118  11:00  Hydralisk x2  
  122  11:04  Zergling x6  
  122  11:05  Zergling x4  
  122  11:08  Hydralisk  
  122  11:10  Hydralisk  
  131  11:17  Hydralisk x3  
  137  11:20  Hydralisk  
  137  11:23  Zergling x4  
  137  11:24  Zergling x4  
  143  11:27  Hydralisk  
  143  11:28  Hydralisk  
  143  11:32  Hydralisk  
  149  11:39  Hydralisk x2  
  153  11:42  Zergling x2  
  150  11:50  Hydralisk x3  
  156  12:06  Extractor  
  145  12:09  Hydralisk x2  
  145  12:10  Extractor  
  145  12:13  Zergling x16  
  156  12:15  Hydralisk  
Show
View Real Time Build Order
Export as new Build Order

Dephy Terran - Winner!

Build Orders: Reaper Expand 

Get SALT Encoding   

  8  0:00  SCV  
  9  0:12  SCV  
  10  0:24  SCV  
  10  0:28  Supply Depot  
  11  0:36  SCV  
  12  0:49  SCV  
  13  0:54  Barracks  
  13  1:02  Refinery  
  13  1:08  SCV  
  14  1:20  SCV  
  15  1:34  SCV  
  16  1:44  Reaper  
  16  1:46  Orbital Command  
  17  2:12  Bunker, SCV  
  18  2:16  Marine  
  18  2:18  Supply Depot  
  19  2:25  SCV  
  20  2:35  Marine, Command Center  
  21  2:41  SCV  
  22  2:53  Marine, SCV  
  24  3:00  Factory  
  24  3:05  SCV  
  25  3:11  Marine  
  26  3:17  SCV  
  27  3:29  SCV  
  28  3:41  SCV  
  29  3:48  Orbital Command  
  29  3:53  Barracks, SCV  
  29  3:55  Barracks  
  30  3:57  Orbital Command  
  30  3:58  Barracks Reactor  
  30  4:05  SCV  
  30  4:08  Factory Tech Lab  
  31  4:18  SCV  
  31  4:20  Supply Depot  
  31  4:24  SCV  
  33  4:30  SCV  
  34  4:36  SCV  
  34  4:37  Factory Tech Lab  
  35  4:40  Command Center  
  35  4:43  Supply Depot  
  35  4:45  SCV  
  36  4:48  SCV  
  36  4:49  Stimpack  
  37  4:55  Marine x3  
  37  4:57  SCV  
  41  5:01  SCV  
  41  5:04  Marine  
  41  5:06  Supply Depot  
  43  5:09  Combat Shield, SCV  
  43  5:13  Marine x3, SCV  
  48  5:18  Refinery  
  48  5:21  SCV, Marine  
  48  5:25  SCV  
  50  5:29  Supply Depot  
  50  5:31  Marine x3  
  50  5:33  SCV  
  54  5:37  SCV  
  54  5:39  Marine  
  54  5:41  Engineering Bay  
  56  5:42  Engineering Bay  
  56  5:45  Refinery, SCV  
  56  5:47  Starport  
  56  5:48  Marine  
  56  5:49  Marine x2, SCV  
  61  5:53  Supply Depot  
  61  5:54  Factory Reactor  
  61  5:57  SCV  
  61  5:59  Orbital Command  
  61  6:01  SCV  
  61  6:02  Marine  
  64  6:09  SCV  
  65  6:12  Terran Infantry Weapons Level 1  
  65  6:13  Marine  
  65  6:14  SCV  
  65  6:16  Supply Depot  
  67  6:20  Marine x2  
  67  6:21  Marine  
  67  6:22  SCV  
  67  6:25  Terran Infantry Armor Level 1  
  71  6:26  SCV  
  71  6:30  Marine  
  73  6:33  Barracks  
  73  6:34  SCV  
  73  6:38  Marine x2, Barracks  
  73  6:39  Marine  
  77  6:43  Orbital Command  
  77  6:45  Medivac  
  78  6:48  Marine, SCV x2  
  81  6:56  Marine  
  81  6:58  Refinery  
  81  7:00  SCV  
  81  7:01  SCV  
  84  7:06  Marine  
  84  7:10  Barracks Reactor  
  84  7:13  SCV x3  
  87  7:17  Siege Tank  
  87  7:18  Medivac  
  87  7:19  Marine x2  
  94  7:23  Marine, Bunker  
  94  7:24  Supply Depot  
  94  7:25  SCV x3, Supply Depot  
  98  7:36  Marine  
  98  7:37  Marine, SCV x3  
  100  7:39  Armory  
  100  7:42  Marine  
  100  7:43  Barracks Reactor x2  
  103  7:48  Marine x2, Barracks  
  103  7:49  SCV x2, Barracks  
  103  7:50  Barracks, Siege Tank  
  110  7:54  Marine  
  110  7:55  Refinery  
  110  7:56  Supply Depot  
  111  7:58  Supply Depot  
  111  7:59  Marine  
  111  8:00  Medivac  
  114  8:06  Marine x3  
  114  8:12  Marine  
  118  8:17  Medivac, Marine  
  118  8:19  Supply Depot  
  121  8:21  Supply Depot  
  121  8:24  Marine x7, Supply Depot  
  128  8:27  Terran Infantry Weapons Level 2  
  128  8:30  Marine  
  129  8:35  Marine  
  129  8:37  Marine x3  
  133  8:41  Marine  
  133  8:42  Marine x6  
  133  8:43  Refinery  
  133  8:48  Marine  
  134  8:53  Marine  
  134  8:54  Marine  
  134  8:55  Marine x2  
  119  8:59  Marine x2  
  119  9:00  Marine x5, Siege Tank, Medivac x2  
  116  9:03  SCV x2  
  116  9:04  Supply Depot  
  116  9:05  Marine  
  115  9:11  Marine, Terran Infantry Armor Level 2  
  115  9:12  Marine  
  115  9:13  Marine x2  
  119  9:17  Marine x4  
  119  9:18  Marine x3  
  119  9:23  Marine  
  127  9:28  Marine  
  127  9:29  Factory  
  127  9:30  Supply Depot, Marine  
  124  9:43  Marine x9  
  124  9:44  Marine, Siege Tank, Medivac  
  131  9:46  Marine  
  131  9:48  Marine  
  132  9:53  Medivac  
  132  9:55  Supply Depot  
  134  10:01  Marine x7  
  134  10:05  Marine  
  134  10:06  Marine x4  
  146  10:11  Supply Depot, Terran Vehicle Weapons Level 1  
  146  10:19  Marine x5, Command Center, Factory Tech Lab  
  146  10:20  Siege Tank  
  154  10:27  Marine x7  
  161  10:29  Medivac x2  
  165  10:36  Marine  
  165  10:37  Marine x3  
  165  10:39  Marine  
  170  10:45  Marine x5  
  175  10:52  Marine  
  175  10:53  Marine  
  175  10:54  Supply Depot x2, Marine x2  
  175  10:55  Marine x2  
  175  10:56  Supply Depot  
  174  10:58  Siege Tank x2  
  174  11:01  Marine  
  174  11:02  Medivac  
  183  11:15  Marine x5, Medivac  
  183  11:18  Marine x5  
  195  11:27  SCV  
  195  11:30  Factory  
  195  11:32  Planetary Fortress  
  196  11:34  Missile Turret  
  196  11:36  Command Center  
  195  11:52  Siege Tank x2  
  199  12:06  Marine x2  
  199  12:07  Marine  
  185  12:09  Marine x5  
  185  12:10  Medivac x2  
  185  12:13  Marine  
  190  12:20  Marine x2  
  190  12:21  Marine  
  193  12:23  Factory Tech Lab, Marine  
  193  12:24  Marine  
  193  12:25  Marine  
  193  12:27  Marine x3  
Tags
 
Add a new tag
Caveats
  • Supply blocks, unpowered buildings, or Contaminate may cause inaccurate times.
  • Supply counts are checked every 10 seconds.